 Dungeon Crawl Stone Soup version 0.29-a0-72-g1732ff48e7 (webtiles) character file.

Game seed: 90925880902054483

21 Hubjo the Sneak (level 2, -3/21 HPs)
             Began as a Vampire Enchanter on Feb 3, 2022.
             Slain by a goblin (5 damage)
             ... on level 2 of the Dungeon.
             The game lasted 00:01:36 (535 turns).

Hubjo the Sneak (Vampire Enchanter)                  Turns: 535, Time: 00:01:37

Health: -3/21      AC:  2    Str:  7    XL:     2   Next: 62%
Magic:  5/5        EV: 12    Int: 17    God:
Gold:   58         SH:  0    Dex: 14    Spells: 5/5 levels left

rFire   . . .      SeeInvis +   a - +1 dagger
rCold   . . .      Faith    .   (no shield)
rNeg    . . .      Spirit   .   b - +0 robe
rPois   .          Reflect  .   (no helmet)
rElec   .          Harm     .   (no cloak)
rCorr   .          Rampage  .   (no gloves)
Will    .....                   (no boots)
Stlth   +++.......              d - amulet of magic regeneration
HPRegen 0.27/turn               (no ring)
MPRegen 0.49/turn               (no ring)

@: healing quickly, invisible
A: alive, fangs 3, see invisible, vampiric 1
a: Exsanguinate


You were on level 2 of the Dungeon.
You visited 1 branch of the dungeon, and saw 2 of its levels.

You collected 58 gold pieces.

Inventory:

Hand Weapons
 a - a +1 dagger (weapon)
Armour
 b - a +0 robe (worn)
Jewellery
 d - an amulet of magic regeneration (around neck)
Scrolls
 f - a scroll of vulnerability {unknown}
Potions
 e - a potion of curing {unknown}


   Skills:
 * Level 1.0 Fighting
 + Level 1.3 Short Blades
 + Level 2.4 Dodging
 * Level 5.1 Stealth
 - Level 2.0 Spellcasting
 + Level 4.6 Hexes


You had 5 spell levels left.
You didn't know any spells.
Your spell library contained the following spells:

 Spells                   Type           Power      Damage    Failure   Level
 Confusing Touch          Hex            17%        N/A       9%          3
 Tukima's Dance           Hex            17%        N/A       9%          3
 Ensorcelled Hibernation  Hex/Ice        18%        N/A       12%         2
 Dazzling Flash           Conj/Hex       18%        N/A       22%         3


Dungeon Overview and Level Annotations

Branches:
Dungeon (2/15)

Altars:


Innate Abilities, Weirdness & Mutations

Your natural rate of healing is accelerated.
You have razor-sharp teeth.
You have supernaturally acute eyesight. (SInv)
You are afflicted with vampirism.


Message History

A frilled lizard comes into view.
You see here a hobgoblin corpse.
A goblin and 2 hobgoblins come into view.
Found a scroll labelled NEAHAXE VUAJU.
The hobgoblin shouts!
The frilled lizard hisses angrily.
The goblin shouts!
You see here a hobgoblin corpse.
The frilled lizard barely misses you.
You hit the frilled lizard.
You kill the frilled lizard!
You barely miss the goblin. The goblin barely misses you.
A goblin comes into view. It is wielding a +3 dagger.
The goblin shouts!
You hit the goblin.
You kill the goblin!
You closely miss the hobgoblin. The hobgoblin closely misses you.
You closely miss the hobgoblin. The hobgoblin closely misses you.
You hit the hobgoblin.
The hobgoblin is heavily wounded.
The hobgoblin closely misses you.
You closely miss the hobgoblin. You bite the hobgoblin.
You kill the hobgoblin!
Your Fighting skill increases to level 1!
The goblin hits you with a +3 dagger.
Things that are here:
a +0 dagger; a frilled lizard corpse; a hobgoblin corpse You hit the goblin but do no damage.
The goblin hits you with a +3 dagger.
You completely miss the goblin. The goblin hits you with a +3 dagger.
* * * LOW HITPOINT WARNING * * *
You hit the goblin.
The goblin is moderately wounded.
The goblin hits you with a +3 dagger.
* * * LOW HITPOINT WARNING * * *
There is a stone staircase leading down here.
The goblin hits you with a +3 dagger.
* * * LOW HITPOINT WARNING * * *
You climb downwards.
There is a stone staircase leading up here.
You fade into invisibility!
The goblin hits you with a +3 dagger.
You die...

. ...
#####.....
#<@g....#
#########


You could see a goblin.

Vanquished Creatures
  2 ball pythons (D:1)
  4 goblins (D:1)
  6 hobgoblins (D:1)
  A kobold (D:1)
  A quokka (D:1)
  A bat (D:1)
  A frilled lizard (D:1)
  A rat (D:1)
17 creatures vanquished.

Notes
Turn   | Place    | Note
-------+----------+-------------------------------------------
     0 | D:1      | Hubjo the Vampire Enchanter began the quest for the Orb.
     0 | D:1      | Reached XP level 1. HP: 13/13 MP: 3/3
   173 | D:1      | Reached XP level 2. HP: 15/20 MP: 5/5
   432 | D:1      | Reached skill level 5 in Stealth
   525 | D:1      | Reached skill level 1 in Fighting
   535 | D:2      | Slain by a goblin

Illustrated notes

Levels and vault maps discovered:
D:1:      ebering_trefoil_twist, layout_basic, fountainhead
D:2:      layout_basic, nicolae_ecumenical_lake_church

Skill      XL: |  1  2 |
---------------+-------+-----
Stealth        | 5 |  5.1
Fighting       | 1 |  1.0
Short Blades   | |  1.3
Dodging        | |  2.4
Spellcasting   | |  2.0
Hexes          | |  4.6

Action                   || total
-------------------------++-------
Melee: Dagger            ||    69
       Bite              ||    10
       Punch             ||     3
  Use: Potion            ||     1
 Stab: Sleeping          ||     1
Armor: Robe              ||     8
Dodge: Dodged            ||    44

Table legend: (Time is in decaauts)
 A = Elapsed time spent in this place.
 B = Non-inter-level travel time spent in this place.
 C = Inter-level travel time spent in this place.
 D = Time resting spent in this place.
 E = Time spent auto-exploring this place.
 F = Levels seen in this place.
 G = Mean time per level.
                   A        B        C        D        E       F      G
               +--------+--------+--------+--------+--------+-----+--------+
         Total |    531 |    486 |     45 |     41 |    265 |   2 |  265.5 |
       Dungeon |    531 |    486 |     45 |     41 |    265 |   2 |  265.5 |
               +--------+--------+--------+--------+--------+-----+--------+

Top non-repeatable levels by time:
     D:1: 529 daAuts
     D:2: 1 daAuts
